[Event "37th Belgrade Trophy 2024"]
[Site "Belgrade"]
[Date "2024.11.24"]
[Round "2.3"]
[White "Atalik, Suat"]
[Black "Xie, Jiaxiang"]
[Result "1/2-1/2"]
[ECO "A90"]
[WhiteElo "2420"]
[BlackElo "1949"]
[Annotator "TA"]
[PlyCount "71"]
[EventDate "2024.11.23"]
[EventCountry "SRB"]
[SourceTitle "playchess.com"]
[Source "ChessBase"]
[SourceQuality "1"]
[TimeControl "40/5400+30:900+30"]

1. d4 f5 2. g3 Nf6 3. Bg2 d5 4. Nh3 e6 5. O-O Bd6 6. c4 c6 7. Qc2 O-O 8. Bf4 Ne4 9. f3 Bxf4 10. Nxf4 Nd6 {[%emt 0:00:09] White has an edge.} 11. Nd2 b6 12. e3 Qf6 13. Nd3 Bb7 14. Qc3 Nf7 15. e4 Nd7 (15... dxc4 $11 {remains equal.} 16. e5 (16. Nxc4 c5 $11) 16... Qe7 17. Qxc4 (17. Nxc4 Na6 $11) 17... Qd7) 16. exf5 exf5 17. Rfe1 Rfe8 18. f4 Qd6 19. Ne5 {[%emt 0:08:05] [#] cxd5 is the strong threat.} Nf6 20. cxd5 cxd5 21. Ndc4 Qc7 22. Nxf7 Qxf7 23. Nd6 Rxe1+ 24. Qxe1 (24. Rxe1 $5 Qd7 $8 25. Nxb7 Qxb7 26. a4 $17) 24... Qd7 25. Qe5 {[%emt 0:02:04][%cal Og2h3] aiming for Bh3!} Rd8 $1 26. Nxb7 ({Of course not} 26. Nxf5 Re8 $17) 26... Re8 {[%emt 0:00:28][%cal Of6e4] [#] Strongly threatening ...Ne4!} 27. Qd6 Qxb7 28. Rc1 Re7 29. Bh3 Ng4 30. Bxg4 fxg4 $11 {[%emt 0:02:45][%mdl 4096] Endgame. KQR-KQR} 31. f5 Qd7 32. Qf4 Re4 33. Qb8+ (33. Qg5 $11 {might be stronger.}) 33... Re8 $1 $15 34. Qf4 Re4 (34... Qe7 $5) 35. Qb8+ Re8 36. Qf4 $1 {[%emt 0:00:04] Weighted Error Value: White=0.08 (flawless) /Black=0.10 (very precise) .  Mistake:       	White=1     	Black=1      Inaccurate:     	White=4     	---        OK:         	White=13    	Black=11     Best:        	White=1     	Black=1      Strong:       	White=1     	Black=2} 1/2-1/2

[Event "37th Belgrade Trophy 2024"]
[Site "Belgrade"]
[Date "2024.11.24"]
[Round "2.4"]
[White "Zhambalov, Bator"]
[Black "Stanojoski, Zvonko"]
[Result "0-1"]
[ECO "B30"]
[WhiteElo "1984"]
[BlackElo "2401"]
[Annotator "TA"]
[PlyCount "70"]
[EventDate "2024.11.23"]
[EventCountry "SRB"]
[SourceTitle "playchess.com"]
[Source "ChessBase"]
[SourceQuality "1"]
[TimeControl "40/5400+30:900+30"]

1. e4 c5 2. Nf3 Nc6 3. Bb5 Nf6 4. e5 Nd5 5. O-O Nc7 6. Bxc6 dxc6 7. h3 Ne6 8. d3 g6 9. b3 Bg7 10. Bb2 b6 11. Nbd2 O-O 12. Ne4 a5 13. a4 Qd5 14. Re1 h6 ({Black should play} 14... Nd4 $11) 15. Qd2 (15. Nd6 $5) 15... Kh7 (15... Nd4 $11) 16. Rad1 ({Better is} 16. Nd6 $14) 16... Nd4 $11 17. Nxd4 cxd4 18. f4 c5 19. Qf2 Bb7 20. Bc1 f5 21. exf6 exf6 {[%emt 0:00:42] [#]} 22. f5 $1 {[%emt 0:07:14] Hoping for fxg6+.} gxf5 (22... g5 23. Nd2) 23. Ng3 f4 24. Bxf4 Rf7 25. Ne4 Rd8 {[%emt 0:05:28] Prevents Nd6} 26. Nd2 (26. Re2 $16) 26... Rg8 {[%emt 0:00:42][%cal Bd8g8,Bg8e8,Be8e7,Be7e5][%mdl 32] Threatens to win with ...Bh8.} 27. Kh2 Bf8 28. g3 Bd6 29. Bxd6 Qxd6 30. Nc4 Qc7 31. Rg1 Re8 32. Rde1 Rfe7 33. Rxe7+ Rxe7 34. Rf1 (34. Qxf6 {is a self mate.} Re2+) 34... Qc6 35. Nd2 (35. Qxf6 $2 Qg2#) 35... Re5 0-1

[Event "37th Belgrade Trophy 2024"]
[Site "Belgrade"]
[Date "2024.11.24"]
[Round "2.5"]
[White "Sutormin, Danila"]
[Black "Karaivanova, Petya"]
[Result "1-0"]
[ECO "D35"]
[WhiteElo "2394"]
[BlackElo "1939"]
[Annotator "TA"]
[PlyCount "77"]
[EventDate "2024.11.23"]
[EventCountry "SRB"]
[SourceTitle "playchess.com"]
[Source "ChessBase"]
[SourceQuality "1"]
[TimeControl "40/5400+30:900+30"]

1. d4 d5 2. c4 e6 3. Nc3 Nf6 4. cxd5 exd5 5. Bf4 Bd6 6. Bxd6 Qxd6 7. e3 Bf5 8. Qf3 Bg4 9. Qg3 Qxg3 (9... Qb6 $11 10. Bb5+ Nbd7 11. Bxd7+ Bxd7 12. Qe5+ Be6) 10. hxg3 $14 a6 11. f3 Be6 12. g4 Nbd7 13. g5 Ng8 14. Nge2 Ne7 15. Nf4 O-O-O 16. Bd3 g6 17. O-O-O c6 18. g4 b5 19. Rh2 c5 20. dxc5 {[%emt 0:02:47] White has more active pieces.} Nxc5 21. Bb1 Kb8 22. b3 Nc6 23. Nce2 (23. Nfxd5 b4 24. Ne4 Rxd5 $15) 23... Rc8 ({Black should play} 23... Nd7) 24. Kb2 (24. Nxd5 Ne5 25. Kb2 Nxf3 $17) 24... Ne5 25. Nd4 ({Inferior is} 25. Nxd5 Nxf3 26. Rf2 Nxg5 $17 (26... Bxg4 27. Nf6 $14)) 25... b4 26. Rdh1 Nb7 $2 (26... Kc7 $16 27. Rh6 (27. Rxh7 Rxh7 28. Rxh7 Kd6 $16) 27... Kd6) 27. Rxh7 $18 Rxh7 28. Rxh7 Rc3 (28... Nc5 {keeps fighting.} 29. Nfxe6 fxe6) 29. Rh8+ Ka7 30. Re8 Rxe3 31. Nfxe6 fxe6 $2 (31... Kb6 32. f4 Nxg4) 32. Rxe6 Nd8 33. Rd6 Ndf7 34. Rxd5 Kb6 35. f4 Nxg4 36. Bxg6 Nxg5 37. Rxg5 Nf2 38. Bc2 Nh3 39. Re5 1-0